 Dungeon Crawl Stone Soup version 0.28-a0-925-gd5e1996cdb (webtiles) character file.

Game seed: 3464070938002742036

231 Astera the Covert (level 6, 0/36 HPs)
             Began as a Kobold Brigand on Nov 21, 2021.
             Slain by a gnoll (8 damage)
             ... on level 4 of the Dungeon on Nov 26, 2021.
             The game lasted 00:12:16 (3081 turns).

Astera the Covert (Kobold Brigand)                  Turns: 3081, Time: 00:12:17

Health: 0/36       AC:  4    Str:  8    XL:     6   Next: 24%
Magic:  6/6        EV: 18    Int: 13    God:
Gold:   197        SH:  0    Dex: 18    Spells: 5/5 levels left

rFire   . . .      SeeInvis .   j - +2 dagger (speed)
rCold   . . .      Faith    .   (shield restricted)
rNeg    . . .      Spirit   .   b - +0 robe
rPois   .          Reflect  .   (no helmet)
rElec   .          Harm     .   c - +0 cloak
rCorr   .          Rampage  .   i - +0 pair of gloves
Will    .....                   (no boots)
Stlth   +++++.....              (no amulet)
HPRegen 0.12/turn               a - +4 ring of evasion
MPRegen 0.10/turn               (no ring)

@: no status effects
A: small, no large weapons, nightstalker 3
a: no special abilities


You were on level 4 of the Dungeon.
You visited 1 branch of the dungeon, and saw 4 of its levels.

You collected 197 gold pieces.

Inventory:

Hand Weapons
 j - a +2 dagger of speed (weapon)
Missiles
 d - 6 poisoned darts (quivered)
 e - 2 curare-tipped darts
Armour
 b - a +0 robe (worn)
 c - a +0 cloak (worn)
 i - a +0 pair of gloves (worn)
Jewellery
 a - a +4 ring of evasion (left hand)
 r - a ring of see invisible
Wands
 l - a wand of iceblast (7)
Scrolls
 f - 3 scrolls of identify {unknown}
 h - 2 scrolls of amnesia {unknown}
 m - a scroll of fear {unknown}
 n - a scroll of teleportation {unknown}
 s - a scroll of magic mapping {unknown}
Potions
 g - 2 potions of cancellation {unknown}
 k - a potion of degeneration {unknown}
 o - a potion of flight {unknown}
 p - a potion of brilliance {unknown}
 q - a potion of lignification {unknown}


   Skills:
 + Level 2.6 Fighting
 + Level 4.6 Short Blades
 + Level 2.5 Throwing
 + Level 1.7 Dodging
 + Level 8.4 Stealth


You had 5 spell levels left.
You didn't know any spells.
Your spell library contained the following spells:

 Spells                   Type           Power      Damage    Failure   Level
 Animate Skeleton         Necr           0%         N/A       30%         1
 Apportation              Tloc           0%         N/A       30%         1
 Summon Small Mammal      Summ           0%         N/A       30%         1
 Gell's Gravitas          Tloc           0%         N/A       67%         3
 Teleport Other           Tloc           0%         N/A       67%         3
 Dispersal                Tloc           0%         N/A       100%        6


Dungeon Overview and Level Annotations

Branches:
Dungeon (4/15)
 Temple: D:4-7

Altars:

Shops:
D:3 =


Innate Abilities, Weirdness & Mutations

You are small and have problems with some larger weapons.
You are completely attuned to the shadows.


Message History

The gnoll shaman is heavily wounded.
The gnoll shaman hits you with a +0 club!
You barely miss the gnoll shaman.
The gnoll shaman is heavily wounded.
You hit the gnoll shaman.
The gnoll shaman is severely wounded.
The gnoll shaman barely misses you.
You hit the gnoll shaman.
The gnoll shaman is severely wounded.
You barely miss the gnoll shaman.
The gnoll shaman is severely wounded.
You are no longer glowing.
The gnoll shaman hits you with a +0 club.
You hit the gnoll shaman but do no damage.
The gnoll shaman is severely wounded.
You hit the gnoll shaman.
The gnoll shaman is almost dead.
The gnoll shaman hits you with a +0 club!
You closely miss the gnoll shaman.
The gnoll shaman is almost dead.
You hit the gnoll shaman but do no damage.
The gnoll shaman is almost dead.
The gnoll shaman calls down the wrath of its god upon you.
You resist with some effort.
You closely miss the gnoll shaman.
The gnoll shaman is almost dead.
You hit the gnoll shaman.
You kill the gnoll shaman!
You hit the gnoll but do no damage. The gnoll completely misses you.
The gnoll completely misses you. The gnoll hits you with a +0 whip.
The gnoll barely misses you. The gnoll completely misses you.
The gnoll closely misses you. The gnoll hits you with a +0 whip.
* * * LOW HITPOINT WARNING * * *
The gnoll misses you. The gnoll closely misses you.
The gnoll hits you with a +0 whip!
You die...

######### #.....g.# ###
#.#####@# ..# #.# #.#
#.# #.# ###.#### #.# #.#
#....... #.# #.#
#.#.##### #.## #.#
#.#.....#
...#######.###.......#.#
..............>####..#.#
..)....###.###.#†....#.#


You could see a gnoll (fast).

Vanquished Creatures
  A gnoll shaman (D:4)
  2 orc priests (D:4)
  An iguana (D:4)
  An adder (D:2)
  An adder skeleton (D:4)
  A worm (D:2)
  6 dart slugs
  9 orcs
  8 bats
  7 endoplasms
  A giant cockroach (D:3)
  10 goblins
  A hobgoblin (D:3)
  6 jackals
  3 kobolds
  4 quokkas
  5 ball pythons
  9 frilled lizards
  4 rats
80 creatures vanquished.

Notes
Turn   | Place    | Note
-------+----------+-------------------------------------------
     0 | D:1      | Astera the Kobold Brigand began the quest for the Orb.
     0 | D:1      | Reached XP level 1. HP: 12/12 MP: 1/1
    15 | D:1      | Noticed an electric eel
   181 | D:1      | Reached XP level 2. HP: 8/17 MP: 2/2
   181 | D:1      | Upgraded the game from 0.28-a0-881-gae16bb6c82 to
                  | 0.28-a0-925-gd5e1996cdb
   396 | D:1      | Reached skill level 6 in Stealth
   702 | D:1      | Reached XP level 3. HP: 15/21 MP: 3/3
  1362 | D:2      | Reached XP level 4. HP: 27/27 MP: 4/4
  1782 | D:3      | Found Baklynur's Jewellery Shoppe.
  1937 | D:3      | Reached skill level 7 in Stealth
  2562 | D:4      | Reached XP level 5. HP: 31/31 MP: 5/5
  2757 | D:4      | Reached skill level 8 in Stealth
  2952 | D:4      | Reached XP level 6. HP: 36/36 MP: 6/6
  3081 | D:4      | Slain by a gnoll

Illustrated notes

Levels and vault maps discovered:
D:1:      arrival_aquarium_a, layout_rooms, grunt_decor_arrowhead,
          minmay_lizard_pond
D:2:      layout_loops_ring, wander_ebering_terrifying_dragon_lair
D:3:      layout_basic, serial_shops, shop, minmay_quantized
D:4:      layout_basic

Skill      XL: |  1  2  3  4  5 |
---------------+----------------+-----
Stealth        | 6 7 8 |  8.4
Short Blades   | 3 4 |  4.6
Fighting       | |  2.6
Throwing       | |  2.5
Dodging        | |  1.7

Action                   |  1- 3 |  4- 6 || total
-------------------------+-------+-------++-------
Melee: Dagger            |   108 |   161 ||   269
Throw: Dart              |     1 |     2 ||     3
 Stab: Sleeping          |    17 |    25 ||    42
       Distracted        |       |     1 ||     1
Armor: Robe              |    11 |     9 ||    20
Dodge: Dodged            |    40 |    68 ||   108

Table legend: (Time is in decaauts)
 A = Elapsed time spent in this place.
 B = Non-inter-level travel time spent in this place.
 C = Inter-level travel time spent in this place.
 D = Time resting spent in this place.
 E = Time spent auto-exploring this place.
 F = Levels seen in this place.
 G = Mean time per level.
                   A        B        C        D        E       F      G
               +--------+--------+--------+--------+--------+-----+--------+
         Total |   2969 |   2911 |     58 |    231 |   1481 |   4 |  742.2 |
       Dungeon |   2969 |   2911 |     58 |    231 |   1481 |   4 |  742.2 |
               +--------+--------+--------+--------+--------+-----+--------+

Top non-repeatable levels by time:
     D:1: 916 daAuts
     D:2: 741 daAuts
     D:3: 739 daAuts
     D:4: 572 daAuts
